 Dungeon Crawl Stone Soup version 0.31.0-12-g77e489cdc1 (webtiles) character file.

Game seed: 17050702854218001165

97023 cdecastro the Metamorph (level 15, -2/137 HPs)
             Began as a Yellow Draconian Shapeshifter on Feb 23, 2024.
             Was the Champion of Wu Jian.
             Slain by an orc knight
             ... wielding a +3 long sword
              (30 damage)
             ... on level 2 of the Orcish Mines.
             The game lasted 01:11:40 (31829 turns).

cdecastro the Metamorph (DrSh)                     Turns: 31829, Time: 01:11:40

Health: -2/137     AC: 24    Str: 17    XL:     15   Next: 70%
Magic:  0/15       EV: 19    Int: 11    God:    Wu Jian [******]
Gold:   847        SH:  0    Dex: 17    Spells: 14/14 levels left

rFire   + +          .
                       - Unarmed
rCold   + . .        (no shield)
rNeg    . . .        (body armour unavailable)
rPois   .            z - +1 hat
rElec   .            r - +0 cloak
rCorr   +            N - +2 pair of gloves of Disappointment {rF++ Will+}
SInv    .            l - +1 pair of boots {Fly}
Will    +++..        k - amulet of guardian spirit
Stlth   ++           j - ring of willpower
HPRegen 0.42/turn    Z - ring of the Tortoise {AC+8}
MPRegen 0.14/turn

%: guardian spirit
@: maw-form, flying, studying Long Blades
A: devouring maw, spit acid, AC +9, unfitting armour, acidic bite, cold-blooded,
acid resistance, cold resistance 1
a: Breathe Acid, Begin Untransformation, Renounce Religion, Wall Jump, Serpent's
Lash, Heavenly Storm


You were on level 2 of the Orcish Mines.
You worshipped Wu Jian.
Wu Jian was exalted by your worship.
You were a creature with a mouth for a stomach.
You visited 4 branches of the dungeon, and saw 23 of its levels.
You also visited: Gauntlet.

You collected 3034 gold pieces.
You spent 2187 gold pieces at shops.

Inventory:

Hand Weapons
 g - a +1 broad axe of draining
Armour
 h - a +1 buckler of cold resistance
 l - a +1 pair of boots of flying (worn)
 r - a +0 cloak (worn)
 z - a +1 hat (worn)
 N - the +2 pair of gloves of Disappointment (worn) {rF++ Will+}
   (You found it on level 1 of the Lair of Beasts)

   rF++:      It greatly protects you from fire.
   Will+:     It increases your willpower.
Jewellery
 d - a ring of positive energy
 j - a ring of willpower (left hand)
 k - an amulet of guardian spirit (around neck)
 D - the ring "Agogo" {Fly rF++ Str+3 Dex-5}
   (You found it in a Gauntlet)

   [ring of flight]

   Str+3:     It affects your strength (+3).
   Dex-5:     It affects your dexterity (-5).
   rF++:      It greatly protects you from fire.
   Fly:       It grants you flight.
 M - the ring of Totaq {rElec rPois SInv Stlth+}
   (You found it in a Gauntlet)

   [ring of poison resistance]

   rElec:     It insulates you from electricity.
   rPois:     It protects you from poison SInv: It lets you see invisible.
   Stlth+:    It makes you more stealthy.
 T - a +5 ring of evasion
 V - a ring of willpower
 Z - the ring of the Tortoise (right hand) {AC+8}
   (You bought it in a shop on level 7 of the Dungeon)

   [ring of protection]

   AC+8:      It affects your AC (+8).
Talismans
 C - a serpent talisman
 L - a maw talisman (active)
Wands
 c - a wand of polymorph (7)
 o - a wand of iceblast (28)
 q - a wand of charming (25)
 x - a wand of flame (8)
 E - a wand of light (16)
 G - a wand of mindburst (8)
Scrolls
 a - 3 scrolls of poison
 B - a scroll of butterflies
 F - a scroll of immolation
 J - a scroll of revelation
 K - 4 scrolls of amnesia {unknown}
 P - 2 scrolls of fog {unknown}
 S - a scroll of teleportation
 W - 3 scrolls of enchant armour {unknown}
Potions
 e - 5 potions of curing
 f - a potion of enlightenment
 i - 5 potions of resistance
 n - 3 potions of lignification
 s - 2 potions of invisibility
 u - 4 potions of brilliance
 v - 7 potions of heal wounds
 A - 2 potions of berserk rage
 H - 3 potions of haste
 R - 3 potions of cancellation
 U - 2 potions of attraction
 Y - 2 potions of might {unknown}
Miscellaneous
 b - a phantom mirror


   Skills:
 * Level 13.7 Fighting
 - Level 11.2 Dodging
 - Level 10.5 Unarmed Combat
 - Level 12.6 Evocations
 + Level 15.6 Shapeshifting


You had 14 spell levels left.
You didn't know any spells.
Your spell library contained the following spells:

 Spells                   Type           Power      Damage    Failure   Level
 Freeze                   Ice            0%         1d3       34%         1
 Kiss of Death            Conj/Necr      0%         2d5       34%         1
 Necrotise                Necr           0%         1d4       34%         1
 Shock                    Conj/Air       0%         1d3       34%         1
 Lesser Beckoning         Tloc           0%         N/A       47%         2
 Confusing Touch          Hex            0%         N/A       71%         3
 Frozen Ramparts          Ice            0%         1d1       71%         3
 Fugue of the Fallen      Necr           0%         N/A       71%         3
 Gell's Gravitas          Tloc           0%         N/A       71%         3
 Hailstorm                Conj/Ice       0%         3d5       71%         3
 Inner Flame              Hex/Fire       0%         N/A       71%         3
 Ozocubu's Armour         Ice            0%         N/A       71%         3
 Summon Ice Beast         Ice/Summ       0%         N/A       71%         3
 Swiftness                Air            0%         N/A       71%         3
 Teleport Other           Tloc           0%         N/A       71%         3
 Vampiric Draining        Necr           0%         2d6       71%         3
 Airstrike                Air            0%         2d(0-16)  98%         4
 Dispel Undead            Necr           0%         3d6       98%         4
 Leda's Liquefaction      Alch/Erth      0%         N/A       98%         4
 Manifold Assault         Tloc           0%         N/A       98%         4
 Martyr's Knell           Necr/Summ      0%         N/A       98%         4
 Passage of Golubria      Tloc           0%         N/A       98%         4
 Petrify                  Alch/Erth      0%         N/A       98%         4
 Vhi's Electric Charge    Tloc/Air       0%         N/A       98%         4
 Curse of Agony           Necr           0%         N/A       100%        5
 Irradiate                Conj/Alch      0%         3d11      100%        5
 Metabolic Englaciation   Hex/Ice        0%         N/A       100%        5
 Silence                  Hex/Air        0%         N/A       100%        5
 Sculpt Simulacrum        Ice/Alch       0%         N/A       100%        6
 Malign Gateway           Summ/Tloc      0%         N/A       100%        7
 Ignition                 Fire           0%         3d3       100%        8
 Lehudib's Crystal Spear  Conj/Erth      0%         10d2      100%        8


Dungeon Overview and Level Annotations

Branches:
Dungeon (15/15)            Temple (1/1) D:4            Lair (5/5) D:10
  Swamp (0/4) Lair:3        Snake (0/4) Lair:3        Slime (0/5) Lair:4
    Orc (2/2) D:9             Elf (0/3) Orc:2        Vaults (0/5) D:13
 Depths (0/4) D:15        Gauntlet (visited)

Altars:
Ashenzari
Cheibriados
Dithmenos
Elyvilon
Fedhas
Gozag
Hepliaklqana
Kikubaaqudgha
Makhleb
Nemelex Xobeh
Okawaru
Qazlal
Ru
Sif Muna
Trog
Uskayaw
Vehumet
Wu Jian
Xom
Yredelemnul
Zin
The Shining One
Jiyva

Shops:
D:7 (:=[[   D:9 (   D:15 !*   Orc:1 *

Portals:
Trove: D:12 (give +2 storm dragon scales)

Annotations:
D:2 vault need dig
D:3 vault need dig
D:9 vault need dig
D:13 1 runed translucent door, OlivierBoivin's ghost, journeyman AtEE


Innate Abilities, Weirdness & Mutations

You are a creature with a mouth for a stomach.
Your midsection houses a second, enormous mouth.
You can spit globs of acid.
Your golden yellow scales are hard. (AC +9)
You cannot fit into any form of body armour.
You have acidic saliva.
You are cold-blooded and may be slowed by cold attacks.
You are resistant to acid. (rCorr)
Your flesh is cold resistant. (rC+)


Message History

The orc knight hits you but does no damage.
The orc sorcerer hits you but does no damage.
Unknown command.
You barely miss the orc sorcerer.
The orc sorcerer is almost dead.
The orc knight completely misses you. x2
The orc sorcerer hits you but does no damage.
Unknown command.
You hit the orc sorcerer but do no damage.
Your bite misses the orc sorcerer.
The orc sorcerer is almost dead.
Unknown command.
You hit the orc sorcerer. You punch the orc sorcerer.
You kill the orc sorcerer!
The Council accepts your kill.
The orc knight no longer looks unusually strong.
The orc knight hits you with a +0 great sword!!
* * * LOW HITPOINT WARNING * * *
The orc knight hits you but does no damage.
Unknown command.
You hit the orc knight.
Your tail-slap misses the orc knight.
Your bite misses the orc knight.
The orc knight is severely wounded.
The orc knight hits you with a +0 great sword!!
* * * LOW HITPOINT WARNING * * *
The orc knight hits you but does no damage.
You hit the orc knight but do no damage.
You punch the orc knight, but do no damage.
Your bite misses the orc knight. You bite the orc knight.
The orc knight is severely wounded.
The orc knight no longer looks unusually strong.
The orc knight hits you with a +0 great sword.
* * * LOW HITPOINT WARNING * * *
The orc knight hits you but does no damage.
You hit the orc knight but do no damage.
The orc knight is severely wounded.
The orc knight roars a battlecry!
The orc knight goes into a battle-frenzy!
The orc knight hits you with a +3 long sword!!
You die...

.................................
...............................##
...............................##
.........................)......#
..........))....................#
..........)))...................)
...............................[.
..............)o...............).
................W..............).
..............)))o...............
.....###########)###########.^...
.....# ######.###### #.....
.....# #..o...[....### #...#.
.....# ...####.####...## ##.###
.....# #.# ###..###...## .#...#
#)# ##..###.### #...## #.# ##.#
###


You could see 2 orc knights.

Vanquished Creatures
  Rupert (Lair:3)
  Jorgrun (D:12)
  Kirke (Lair:4)
  A cacodemon (Gauntlet)
  Azrael (D:13)
  Snorg (D:10)
  An entropy weaver (D:12)
  The ghost of Teoskir the Cleaver, a journeyman GrBe of Trog (Lair:3)
  9 hydras
  A vault guard (D:12)
  Harold (Orc:1)
  Erica (Lair:1)
  2 catoblepae (Lair:5)
  6 boulder beetles
  3 centaur warriors (D:14)
  3 two-headed ogres
  4 orc high priests (Orc:2)
  5 skeletal warriors (D:14)
  3 skysharks
  3 bog bodies
  3 orc knights
  Pikel (D:4)
  A deep elf pyromancer (D:13)
  5 orc sorcerers
  2 cyclopes
  A salamander (D:15)
  A moth of wrath (Gauntlet)
  5 manticores
  11 ugly things
  4 kobold blastminers
  Joseph (D:10)
  11 elephants
  4 black mambas
  A water nymph (D:15)
  An ice statue (Lair:2)
  9 cane toads
  A torpor snail (Lair:5)
  Jeremiah (D:7)
  An efreet (D:14)
  2 unseen horrors (D:12)
  5 rime drakes
  12 komodo dragons
  5 yaktaurs (D:14)
  The ghost of GloorxVloq the Ruffian, an amateur TrFi (D:4)
  A freezing wraith (Lair:2)
  9 trolls
  10 polar bears
  31 blink frogs
  6 hornets
  A dream sheep (Lair:5)
  Prince Ribbit (Lair:1)
  11 slime creatures
  4 wyverns
  12 spriggans (Lair:5)
  A shadow (D:10)
  Sigmund (D:4)
  3 hogs (Lair:4)
  8 wargs
  3 wraiths
  2 fire elementals (D:13)
  39 yaks
  4 steam dragons
  3 basilisks
  2 vampire mosquitoes (D:11)
  2 redbacks (Gauntlet)
  3 nagas (Lair:3)
  4 hell hounds (D:13)
  An acid dragon (D:9)
  15 water moccasins
  A meliai simulacrum (D:13)
  14 orc warriors
  10 black bears
  6 ice beasts
  4 ogres
  3 boggarts (Lair:5)
  12 centaurs
  35 wolves
  2 lemures (D:3)
  A phantom (D:6)
  A kobold brigand (D:10)
  11 bullfrogs
  5 scorpions
  A cane toad simulacrum (Lair:2)
  3 killer bees (D:11)
  An electric eel (D:7)
  6 hounds
  5 jellies
  A bombardier beetle (D:4)
  A gnoll bouda (D:7)
  15 orc priests
  3 sleepcaps
  2 iguanas
  16 orc wizards
  2 spriggan simulacra (Lair:2)
  5 gnolls (D:6)
  11 adders
  A shadow imp (D:7)
  5 white imps
  An ufetubus (D:13)
  2 ribbon worms (D:2)
  2 dart slugs
  40 orcs
  10 bats
  7 endoplasms
  5 giant cockroaches
  6 goblins
  5 hobgoblins
  12 jackals
  2 quokkas
  12 ball pythons
  3 frilled lizards
  14 kobolds
  4 rats
623 creatures vanquished.

Vanquished Creatures (collateral kills)
  A minotaur (Gauntlet)
1 creature vanquished.

Vanquished Creatures (others)
  An orc priest (Orc:2)
  A white imp (D:7)
  An orc (Orc:2)
3 creatures vanquished.

Grand Total: 627 creatures vanquished

Notes
Turn   | Place    | Note
-------+----------+-------------------------------------------
     0 | D:1      | cdecastro the Draconian Shapeshifter began the quest for
                  | the Orb.
     0 | D:1      | Reached XP level 1. HP: 16/16 MP: 1/1
    92 | D:1      | Found a faded altar of an unknown god.
   144 | D:1      | Prayed at the altar of an unknown god.
   144 | D:1      | Became a worshipper of the Wu Jian Council
   144 | D:1      | Reached * piety under Wu Jian
   252 | D:1      | Reached XP level 2. HP: 19/23 MP: 2/2
   619 | D:1      | Reached XP level 3. HP: 28/28 MP: 3/3
   694 | D:1      | Reached ** piety under Wu Jian
  1233 | D:2      | Reached XP level 4. HP: 35/35 MP: 4/4
  1673 | D:3      | Found a stormy altar of Qazlal.
  1759 | D:3      | Noticed a steam dragon
  1899 | D:3      | Found a sacrificial altar of Ru.
  2056 | D:3      | Found a glowing silver altar of Zin.
  2446 | D:3      | Reached *** piety under Wu Jian
  2659 | D:4      | Noticed Sigmund
  2769 | D:4      | Found a staircase to the Ecumenical Temple.
  2783 | Temple   | Entered the Ecumenical Temple
  2796 | D:4      | Reached skill level 5 in Unarmed Combat
  2800 | D:4      | Reached XP level 5. HP: 40/40 MP: 5/5
  2805 | D:4      | Reached skill level 4 in Shapeshifting
  3228 | D:4      | Killed Sigmund
  3229 | D:4      | Reached XP level 6. HP: 37/47 MP: 6/6
  3299 | D:4      | Found a runed translucent door.
  3323 | D:4      | Noticed GloorxVloq's ghost (amateur TrFi)
  3443 | D:4      | Reached skill level 5 in Shapeshifting
  3443 | D:4      | Your scales start taking on a golden yellow colour.
  3443 | D:4      | Reached XP level 7. HP: 33/52 MP: 7/7
  3443 | D:4      | Gained mutation: You are resistant to acid. (rCorr) [Yellow
                  | Draconian growth]
  3519 | D:4      | Found a runed translucent door.
  3847 | D:4      | Found an ancient bone altar of Kikubaaqudgha.
  3849 | D:4      | Noticed Pikel
  3972 | D:4      | Killed Pikel
  3973 | D:4      | Reached XP level 8. HP: 59/59 MP: 8/8
  4053 | D:4      | Reached skill level 6 in Shapeshifting
  4156 | D:5      | Entered Level 5 of the Dungeon
  4334 | D:5      | Found an opulent altar of Gozag.
  4457 | D:5      | Noticed Edmund
  4478 | D:4      | Edmund changed into Edmund the bullfrog
  4478 | D:4      | Noticed Edmund
  4482 | D:4      | Killed Edmund the bullfrog
  5245 | D:6      | Found a white marble altar of Elyvilon.
  5288 | D:6      | Reached skill level 10 in Unarmed Combat
  5289 | D:6      | Found a burning altar of Makhleb.
  5292 | D:6      | Reached skill level 7 in Shapeshifting
  5292 | D:6      | Reached XP level 9. HP: 57/64 MP: 7/9
  5412 | D:6      | Found a glowing golden altar of the Shining One.
  5667 | D:6      | Found a shimmering altar of Xom.
  5668 | D:6      | Found a broken altar of Ashenzari.
  5938 | D:7      | Reached **** piety under Wu Jian
  6046 | D:7      | Found Xelirit's Weapon Shoppe.
  6319 | D:7      | Found Viathrae's Jewellery Shop.
  6355 | D:7      | Found Soatiz's Book Emporium.
  6548 | D:7      | Noticed Jeremiah
  6563 | D:7      | Found Doosheyme's Armour Shoppe.
  6597 | D:7      | Killed Jeremiah
  6735 | D:7      | Found Acvemp's Armour Shop.
  7086 | D:7      | Found a sparkling altar of Nemelex Xobeh.
  7339 | D:7      | Reached skill level 5 in Fighting
  7364 | D:7      | Reached skill level 8 in Shapeshifting
  7456 | D:8      | Reached XP level 10. HP: 75/84 MP: 10/10
  7885 | D:8      | Found a hide-covered altar of Uskayaw.
  7892 | D:8      | Noticed a two-headed ogre
  7904 | D:8      | Killed a two-headed ogre
  8171 | D:9      | Found a staircase to the Orcish Mines.
  8295 | D:9      | Reached skill level 9 in Shapeshifting
  8362 | D:9      | Found Nivuiss's Weapon Shop.
  8943 | D:10     | Entered Level 10 of the Dungeon
  9036 | D:10     | Found a staircase to the Lair.
  9046 | D:10     | Reached skill level 10 in Fighting
  9142 | D:10     | You fall into a shaft and drop 1 floor!
  9234 | D:10     | Noticed Snorg
  9273 | D:10     | Killed Snorg
  9274 | D:10     | Reached XP level 11. HP: 44/101 MP: 3/11
  9482 | D:10     | Reached ***** piety under Wu Jian
  9707 | D:10     | Noticed Joseph
  9712 | D:10     | Killed Joseph
  9713 | D:10     | Reached skill level 1 in Evocations
  9759 | D:10     | Reached skill level 10 in Shapeshifting
 10138 | D:11     | Noticed a two-headed ogre
 10153 | D:11     | Killed a two-headed ogre
 10237 | D:11     | Found an opulent altar of Gozag.
 10612 | D:11     | Identified the +5 war axe "Kewatt" {pain, Fly rElec rC-
                  | Str+3}
 10706 | D:12     | Noticed a boulder beetle
 10844 | D:12     | Killed a boulder beetle
 11172 | D:12     | Reached skill level 5 in Evocations
 11685 | D:12     | Noticed a two-headed ogre
 11700 | D:12     | Killed a two-headed ogre
 11767 | D:12     | Noticed Jorgrun
 12210 | D:4      | Killed GloorxVloq's ghost
 12343 | Orc:1    | Entered Level 1 of the Orcish Mines
 12344 | Orc:1    | Found Ufra's Mass Market.
 12373 | Orc:1    | Noticed an orc sorcerer
 12377 | Orc:1    | Killed an orc sorcerer
 12625 | Orc:1    | Reached skill level 11 in Shapeshifting
 12635 | Orc:1    | Reached XP level 12. HP: 55/110 MP: 8/12
 12894 | Orc:2    | Entered Level 2 of the Orcish Mines
 13933 | Orc:2    | Found a staircase to the Elven Halls.
 13953 | Orc:1    | Noticed Harold
 14050 | Orc:1    | Killed Harold
 14781 | Orc:2    | Paralysed by an orc sorcerer for 4 turns
 14798 | Orc:2    | Noticed an orc high priest
 14831 | Orc:2    | Killed an orc high priest
 14994 | Orc:2    | Noticed an orc high priest
 14999 | Orc:2    | Noticed an orc high priest
 15001 | Orc:2    | Noticed an orc high priest
 15213 | Lair:1   | Entered Level 1 of the Lair of Beasts
 15348 | Lair:1   | Noticed Erica
 15366 | Lair:1   | Killed Erica
 15613 | Lair:1   | Reached skill level 10 in Evocations
 15619 | Lair:1   | Identified the +2 pair of gloves of Disappointment {rF++
                  | Will+}
 15805 | Lair:1   | Noticed a boulder beetle
 15824 | Lair:1   | Killed a boulder beetle
 16063 | Lair:1   | Reached skill level 12 in Shapeshifting
 16141 | Lair:1   | Noticed Prince Ribbit
 16151 | Lair:1   | Killed Prince Ribbit
 17107 | Lair:2   | Noticed a four-headed hydra
 17214 | Lair:2   | Reached XP level 13. HP: 116/116 MP: 10/13
 19263 | Lair:3   | Reached skill level 13 in Shapeshifting
 19328 | Lair:3   | Found a staircase to the Swamp.
 19462 | Lair:3   | Reached ****** piety under Wu Jian
 19860 | Lair:3   | Found a staircase to the Snake Pit.
 19864 | Lair:3   | Found a runed translucent gate.
 19866 | Lair:3   | Found a runed translucent gate.
 19866 | Lair:3   | Noticed Teoskir's ghost (journeyman GrBe)
 19866 | Lair:3   | Noticed Rupert
 19866 | Lair:3   | Paralysed by Rupert for 2 turns
 20010 | Lair:4   | Reached skill level 5 in Dodging
 20247 | Lair:4   | Found a viscous altar of Jiyva.
 20280 | Lair:4   | Found a staircase to the Slime Pits.
 20624 | Lair:4   | Noticed Kirke
 20643 | Lair:4   | Killed Kirke
 21208 | Lair:5   | Entered Level 5 of the Lair of Beasts
 21230 | Lair:4   | Gained mutation: You have acidic saliva. [Yellow Draconian
                  | growth]
 21230 | Lair:4   | Reached XP level 14. HP: 76/124 MP: 7/14
 22633 | Lair:5   | Reached skill level 14 in Shapeshifting
 23319 | Lair:5   | Paralysed by a hornet for 2 turns
 24365 | D:7      | Bought the ring of the Tortoise {AC+8} for 1664 gold pieces
 24365 | D:7      | Found the ring of the Tortoise {AC+8}
 24365 | D:7      | Bought a ring of willpower for 325 gold pieces
 24618 | D:12     | Killed Jorgrun
 24619 | D:12     | Reached skill level 10 in Dodging
 25316 | D:12     | Found a portal to a secret trove of treasure.
 25764 | Lair:3   | Found a runed translucent gate.
 25910 | Lair:3   | Killed Rupert
 26237 | D:13     | Found a runed translucent door.
 26237 | D:13     | Noticed OlivierBoivin's ghost (journeyman AtEE)
 26526 | D:13     | Found a gate to the Vaults.
 26945 | D:13     | Noticed Azrael
 27122 | D:13     | Killed Azrael
 27777 | D:14     | Found a gate leading to a gauntlet.
 27794 | D:14     | Reached XP level 15. HP: 106/129 MP: 10/15
 27802 | Gauntlet | Entered a Gauntlet
 27802 | Gauntlet | Found a transporter.
 27880 | Gauntlet | Found a transporter.
 27884 | Gauntlet | Found a transporter.
 27886 | Gauntlet | Found a transporter.
 27887 | Gauntlet | Found a transporter.
 27888 | Gauntlet | Found a transporter.
 27897 | Gauntlet | Found a transporter.
 27897 | Gauntlet | Found a transporter.
 27917 | Gauntlet | Found a transporter.
 27925 | Gauntlet | Found a transporter.
 27925 | Gauntlet | Found a transporter.
 27933 | Gauntlet | Found a transporter.
 28088 | Gauntlet | Gained mutation: You are occasionally teleported next to
                  | monsters. [a cacodemon]
 28102 | Gauntlet | Identified the +0 pair of gloves of Grace {Harm rF+ Will+}
 28133 | Gauntlet | Identified the ring of Totaq {rElec rPois SInv Stlth+}
 28186 | Gauntlet | Identified the +11 battleaxe of Vonwecs {venom, rPois
                  | Int+2}
 28201 | Gauntlet | Identified the +7 short sword "Fyeggitt" {antimagic, Dex+4}
 28201 | Gauntlet | Identified the ring "Agogo" {Fly rF++ Str+3 Dex-5}
 28360 | Gauntlet | Identified a scroll of acquirement
 28360 | Gauntlet | Acquired a manual of Long Blades
 28606 | D:14     | Reached skill level 15 in Shapeshifting
 29595 | D:15     | Entered Level 15 of the Dungeon
 29794 | D:15     | Found Foaros's Gadget Gallery.
 29813 | D:15     | Found Wulomuen's Distillery.
 29820 | D:14     | Lost mutation: You are occasionally teleported next to
                  | monsters. [potion of mutation]
 29820 | D:14     | Gained mutation: Your flesh is cold resistant. (rC+)
                  | [potion of mutation]
 30812 | D:15     | Found a staircase to the Depths.
 31236 | Lair:3   | Killed Teoskir's ghost
 31298 | Lair:3   | Got Sif Muna's Thoughts on Transportation
 31459 | D:7      | Bought a +1 pair of boots of flying for 198 gold pieces
 31829 | Orc:2    | Slain by an orc knight

Illustrated notes

Levels and vault maps discovered:
D:1:      lightli_arrival_isolated_outpost, layout_basic,
          chequers_ecumenical_altar_island, amethyst_killhole,
          chequers_serial_rivers_room_b
D:2:      layout_loops_ring, serial_bayou_pond_d, minmay_surrounded,
          uniq_crazy_yiuf_cottage
D:3:      layout_loops_cross, zin_scriptorium, lemuel_tele_altar,
          nicolae_ru_awakened_eye, roderic_serpentine_path, lemuel_flame_loot_1
D:4:      layout_cave_pools, mainiacjoe_overflow_surrounded_room,
          minmay_temple_entry_ruins, ebering_ghost_sewer_f,
          kennysheep_small_circle, uniq_sigmund, uniq_pikel
D:5:      nicolae_BIG_FREAKIN_CUBE, layout_basic, mainiacjoe_overflow_24_doors,
          grunt_ministairs_5, guppyfry_early_lair_pool, uniq_edmund
D:6:      layout_cave_pools, mainiacjoe_overflow_brackets,
          mainiacjoe_overflow_divided_tiny, overflow_temple_1_default,
          nicolae_tso_swordbearing_angel
D:7:      layout_cave_pods, general_overflow_altar, serial_shops,
          nicolae_shop_advertising_works [nicolae_subvault_shop_adworks], shop,
          shop, shop, shop, serial_bayou_lagoon_a, kennysheep_donut,
          uniq_jeremiah
D:8:      layout_cave_pools, nicolae_overflow_crystal_walls
D:9:      nicolae_cairo_tiling_very_big, layout_loops_corners, orc_0_dummy,
          serial_shops, nicolae_shop_rolling_square, serial_glass,
          glass_columns_a, glass_columns_a, due_unseen_surprise,
          item_on_display_a, minmay_strange_pillars
D:10:     layout_loops_ring, due_lair_maze_entry_diamond, uniq_joseph,
          uniq_snorg
D:11:     layout_basic, nicolae_gozag_seed_capital
D:12:     layout_loops_corners, nicolae_trove_entry_diagonal, serial_glass,
          glass_columns_b, glass_columns_b, uniq_jorgrun
D:13:     layout_basic, hellmonk_vaults_order_and_chaos,
          hellmonk_ghost_happy_afterlife, serial_ice, serial_ice_d,
          serial_ice_o, serial_ice_g, serial_ice_h, uniq_azrael
D:14:     layout_long_grid, gauntlet_entry_generic, serial_rivers,
          chequers_serial_rivers_micro_a, chequers_serial_rivers_small_3,
          chequers_serial_rivers_large_b, chequers_serial_rivers_small_3,
          hangedman_decor_points
D:15:     hangedman_depths_entry_try_elsewhere_first, layout_basic,
          serial_shops, nicolae_diamond_shop, minmay_strange_pillars,
          nicolae_shop_gadgets
Temple:   hellmonk_temple_micro_hex
Lair:1:   layout_chaotic_city, uniq_erica, uniq_prince_ribbit2
Lair:2:   dreamdust_isle_of_ice, layout_cave_pods, minmay_holes,
          grunt_megastairs_4, serial_bayou_shore_a
Lair:3:   layout_small_grid, skrybe_swamp_entry_bodies,
          guppyfry_snake_entry_island, gammafunk_ghost_hydra_chop, uniq_rupert
Lair:4:   layout_concentric_octagons, nicolae_slime_entry_field_trip, uniq_kirke
Lair:5:   minmay_lair_end_enchanted_forest, layout_cave_shapes
Orc:1:    layout_caves, minmay_shop_mass, mines5_lemuel, uniq_harold
Orc:2:    st_orc_elflike, layout_diamond_mine

Skill      XL: |  1  2  3  4  5  6  7  8  9 10 11 12 13 14 15 |
---------------+----------------------------------------------+-----
Unarmed Combat | 4 5 6 8 10 | 10.5
Shapeshifting  | 4 5 7 8 9 11 12 13 14 15 | 15.6
Fighting       | 6 10 11 13 | 13.7
Evocations     | 7 11 12 | 12.6
Dodging        | 6 11 | 11.2

Action                     |  1- 3 |  4- 6 |  7- 9 | 10-12 | 13-15 || total
---------------------------+-------+-------+-------+-------+-------++-------
  Melee: Unarmed           |   103 |   159 |   245 |   667 |  1281 ||  2455
         Tailslap          |     9 |    15 |    38 |   100 |   125 ||   287
         Punch             |     1 |     6 |     7 |       |    58 ||    72
         Constrict         |       |       |       |    27 |   137 ||   164
         Maw               |       |       |       |       |   277 ||   277
         Bite              |       |       |       |       |   111 ||   111
         Battleaxe         |       |       |       |       |    10 ||    10
 Invoke: Serpent's Lash    |       |       |       |       |     1 ||     1
Ability: Lunge             |    12 |    17 |    18 |    40 |    62 ||   149
         Whirlwind         |     3 |    10 |    37 |    47 |    91 ||   188
         Breathe Acid      |       |       |    10 |    18 |     3 ||    31
         Wall Jump         |       |       |       |     3 |     6 ||     9
  Evoke: Wand              |       |       |     2 |     6 |     9 ||    17
         Phantom mirror    |       |       |       |       |     1 ||     1
    Use: Scroll            |       |     3 |     3 |     7 |    19 ||    32
         Potion            |       |     1 |       |     1 |     1 ||     3
   Stab: Sleeping          |       |     1 |     1 |     1 |     2 ||     5
         Petrified         |       |       |       |       |     7 ||     7
 Armour: Skin              |    33 |   110 |   108 |   458 |   909 ||  1618
  Dodge: Dodged            |    61 |    73 |   133 |   489 |   917 ||  1673
   Form: Flux              |       |       |     1 |     1 |       ||     2
         Serpent           |       |       |       |     2 |     2 ||     4
         Maw               |       |       |       |       |     2 ||     2
                           |       |       |       |       |     1 ||     1
